[Event "Early-Titled-Tuesday-Blitz-October-17-2023"]
[Site "Chess.com"]
[Date "2023.10.17"]
[Round "7"]
[White "krzyzan94"]
[Black "YouJustFoundYourGodfather"]
[Result "1/2-1/2"]
[WhiteElo "2784"]
[BlackElo "2625"]
[TimeControl "180+1"]
[EndTime "9:23:35 PDT"]
[Termination "Game drawn by repetition"]

1. e4 Nf6 2. Nc3 d6 3. d4 g6 4. f4 Bg7 5. Nf3 Nc6 6. d5 Nb8 7. Bd3 O-O 8. O-O c6 9. dxc6 Nxc6 10. h3 Be6 11. a3 Qb6+ 12. Kh2 Nd4 13. Nxd4 Qxd4 14. Qf3 Qb6 15. Rb1 Qc6 16. Be3 Bc4 17. e5 Nd5 18. Bxc4 Nxe3 19. Bxf7+ Rxf7 20. Qxe3 Raf8 21. exd6 exd6 22. Kh1 Bh6 23. Ne2 Qxc2 24. b4 Bxf4 25. Nxf4 Rxf4 26. Qe6+ Kh8 27. Rfd1 R4f6 28. Qd5 R8f7 29. Rbc1 Qb2 30. Qg5 Kg7 31. Qg3 Qe5 32.
Qxe5 dxe5 33. Re1 Re7 34. Re4 Rf4 35. Re3 Rd4 36. Rc5 Kf6 37. Kh2 b6 38. Rc6+ Kf5 39. Kg3 h5 40. Kf2 Rf4+ 41. Ke2 g5 42. g3 Re4 43.
Kf3 Rxe3+ 44. Kxe3 g4 45. h4 Rh7 46. Rd6 Rh8 47.
Rc6 Rh7 48. b5 Rh8 49. a4 Rh7 50. Rc8 Rd7 51. Rh8 e4 52. Rxh5+ Kf6 53. Kxe4 Rd1 54. Rh6+ Kg7 55. Rc6 Ra1 56. Rc7+ Kg6 57. Rxa7 Ra3 58. Kf4 Kh5 59. Ra8 Rf3+ 60. Ke4 Rxg3 61. Ra6 Ra3 62.
Rxb6 Rxa4+ 63. Kf5 Kxh4 64. Rh6+ Kg3 65. b6 Rb4 66. Rg6 Rb5+ 67. Ke4 Kh3 68. Kf4 Rb4+ 69. Ke3 g3 70. Rh6+ Kg2 71. Rg6 Rb3+ 72. Kd2 Kh2 73. Rh6+ Kg1 74. Kc2 Rb5 75. Rg6 g2 76. Kd2 Kf2 77.
Rf6+ Kg3 78. Rg6+ Kf3 79. Rf6+ Kg4 80. Rg6+ Kf3 81. Rf6+ Kg3 82. Rg6+ Kf2 83. Rf6+ Kg1 84. Rg6 Rb4 85. Kc3 Rb1 86. Kc2 Rb5 87. Rf6 Kh2 88. Rh6+ Kg3 89. Rg6+ Kh3 90. Rh6+ Kg4 91. Rg6+ Rg5 92.
Rxg5+ Kxg5 93. b7 g1=Q 94. b8=Q Qf2+ 95. Kd3 Qf3+ 96. Kd2 Qf2+ 97. Kd3 Qf3+ 98. Kd2 Qf2+ 99. Kd3 1/2-1/2

[Event "Early-Titled-Tuesday-Blitz-October-17-2023"]
[Site "Chess.com"]
[Date "2023.10.17"]
[Round "7"]
[White "KNVB"]
[Black "Fh2411"]
[Result "1-0"]
[WhiteElo "2680"]
[BlackElo "2537"]
[TimeControl "180+1"]
[EndTime "9:24:03 PDT"]
[Termination "KNVB won on time"]

1. d4 Nf6 2. Nc3 d5 3. Bf4 g6 4. e3 Bg7 5. Nb5 Na6 6. h3 O-O 7.
Nf3 c6 8. Nc3 Qb6 9. Rb1 Bf5 10.
a3 c5 11. Be5 Rfd8 12. Be2 Rac8 13. O-O c4 14. g4 Be6 15. Ng5 Nc7 16. Na4 Qc6 17. Nc5 Bd7 18. Nxd7 Qxd7 19. c3 b5 20. Kg2 a5 21. f4 h6 22. Nf3 Nce8 23. Qe1 Qb7 24.
Bd1 Ne4 25. Nd2 Nxd2 26. Qxd2 f6 27. Bc2 fxe5 28. fxe5 Rc6 29. Qf2 Kh7 30. Qf7 Qd7 31. Rf2 Qe6 32. Rbf1 Qxf7 33. Rxf7 Rd7 34. h4 Kg8 35. h5 gxh5 36. gxh5 Nc7 37. Bf5 Ne6 38. Bg6 Ng5 39. R7f5 Rc8 40. e6 Ra7 41. R5f4 Raa8 42. Rf5 Rd8 43. R1f2 Rab8 44. R2f4 b4 45. axb4 axb4 46.
Rf2 Ne4 47. Rc2 bxc3 48. bxc3 Bf6 49. Kf3 Kg7 50. Rg2 Ng5+ 51. Kf4 Rb3 52. Rc2 Rdb8 53. Rxd5 Nxe6+ 54. Ke4 Ng5+ 55. Kf4 Rb1 56. Rc5 Rf1+ 57. Kg3 Rbb1 58. e4 Rf3+ 59. Kg2 Rd3 60. e5 Rbd1 61. exf6+ Kxf6 62. Rf2+ Kg7 63. Bxd3 cxd3 64. Re5 e6 65. Re3 d2 66. Rd3 Ne4 67. Re2 Re1 68. Rxe4 Rxe4 69. Rxd2 Rh4 70. Re2 Kf6 71. Re5 Rg4+ 72. Kf3 Rg1 73.
Ke2 Rh1 74. c4 Rc1 75. Kd3 Kf7 76. c5 Kf6 77. Kd2 Rc4 78. Kd3 Rc1 79. Re2 Rd1+ 80. Rd2 Rc1 81. Rc2 Rd1+ 82. Kc4 Ke7 83. Rg2 Rc1+ 84.
Kd3 Kf6 85. Rg6+ Kf5 86. Rxh6 Rd1+ 87. Kc3 Rc1+ 88. Kd2 Rc4 89. Kd3 Rc1 90. Rh8 Kf6 91. Rf8+ Ke7 92. Rg8 Kd7 93. Rg5 Kc6 94. Re5 Kd7 95.
d5 exd5 96. Rxd5+ Kc6 97. Rf5 Rh1 98. Ke4 Rh4+ 99. Kf3 Kc7 100. Kg3 Rh1 101. Kg4 Rg1+ 102. Kh4 Kd7 103. h6 Ke6 104. Rh5 Kf6 105. h7 Rh1+ 106. Kg4 1-0

[Event "Early-Titled-Tuesday-Blitz-October-17-2023"]
[Site "Chess.com"]
[Date "2023.10.17"]
[Round "7"]
[White "samolo"]
[Black "Ermito2020"]
[Result "0-1"]
[WhiteElo "2737"]
[BlackElo "2617"]
[TimeControl "180+1"]
[EndTime "9:24:18 PDT"]
[Termination "Ermito2020 won on time"]

1. Nf3 Nf6 2. c4 g6 3. g3 Bg7 4. Bg2 d6 5. O-O O-O 6. Nc3 e5 7. d3 Nc6 8. Rb1 a5 9. a3 Re8 10. Nd2 h5 11. h3 Nd4 12. b4 axb4 13. axb4 c6 14. b5 d5 15. Bb2 Be6 16. e3 Nf5 17. bxc6 bxc6 18. cxd5 cxd5 19. Nf3 Nd7 20. e4 dxe4 21.
dxe4 Nd4 22. Nxd4 exd4 23. Nd5 Bxd5 24. exd5 Qf6 25. Qd2 Nc5 26. Rfd1 Na4 27. d6 Rad8 28. Ba1 Nc3 29. d7 Re7 30. Bxc3 dxc3 31. Qd3 Rexd7 32. Qxd7 Rxd7 33. Rxd7 c2 34. Rb8+ Kh7 35. Rc8 Qa1+ 36. Kh2 c1=Q 37. Rxc1 Qxc1 38. Rxf7 Qc4 39. Rf4 Qc5 40.
h4 Bd4 41. Kg1 Be5 42. Rf3 Kg7 43. Bf1 Qd5 44. Kg2 Bd4 45. Be2 Qe4 46. Bd3 Qb7 47. Bf1 Bf6 48. Bd3 g5 49. hxg5 Bxg5 50. Bf5 Qd5 51.
Bd3 h4 52. gxh4 Bxh4 53. Bf5 Kh6 54. Bh3 Kg5 55. Bc8 Qe4 56. Bh3 Qc6 57. Bf5 Kh6 58. Bh3 Bf6 59. Bf5 Bd4 60. Bh3 Kg5 61. Bf5 Qd5 62.
Bh3 Bc5 63. Bf5 Qd4 64. Bh3 Bd6 65. Rf5+ Kg6 66. Rf3 Qe5 67. Bf5+ Kg7 68. Bh3 Qh2+ 69. Kf1 Bc5 70. Bg2 Qh4 71. Rg3+ Kf6 72. Rf3+ Ke5 73. Bh3 Ke4 74. Bg2 Ke5 75. Bh3 Qe4 76. Kg2 Kd6 77. Bf5 Qh4 78. Rd3+ Ke5 79. Rf3 Qg5+ 80. Kf1 Bd4 81.
Bh3 Kd6 82. Rf5 Qc1+ 83. Kg2 Be5 84. Rf3 Qc6 85. Bg4 Qe4 86. Bh3 Qg6+ 87. Kf1 Qh5 88.
Kg2 Qg5+ 89. Kf1 Bh2 90. Bg2 Qc1+ 91. Ke2 Qc2+ 92. Ke1 Be5 93. Bh3 Qc1+ 94. Ke2 Bc3 95. Rd3+ Kc5 96. Kf3 Qh1+ 97. Kg3 Be5+ 98. f4 Qe1+ 0-1

[Event "Early-Titled-Tuesday-Blitz-October-17-2023"]
[Site "Chess.com"]
[Date "2023.10.17"]
[Round "7"]
[White "jaskol95"]
[Black "BardArtem"]
[Result "1/2-1/2"]
[WhiteElo "2610"]
[BlackElo "2763"]
[TimeControl "180+1"]
[EndTime "9:24:40 PDT"]
[Termination "Game drawn by 50-move rule"]

1. e4 e5 2. Nf3 Nc6 3. Bc4 Bc5 4. c3 Nf6 5. d4 exd4 6. cxd4 Bb4+ 7. Kf1 Nxe4 8. d5 Ne7 9. Qd4 Nf6 10. Bg5 O-O 11.
Bxf6 gxf6 12. Qxf6 Ng6 13. Qxd8 Rxd8 14. Nc3 Bxc3 15.
bxc3 d6 16. Nd4 Bd7 17. f3 Re8 18. Kf2 Re5 19. Rhe1 Rae8 20. Rxe5 dxe5 21. Nb5 Bxb5 22. Bxb5 Rd8 23. c4 Nf4 24. Ke3 Nxg2+ 25. Ke4 Nh4 26. Kxe5 Nxf3+ 27. Kf6 Kf8 28. Rd1 Rd6+ 29. Kf5 Nxh2 30. c5 Rd8 31. d6 cxd6 32. cxd6 Nf3 33. d7 Ke7 34. Rd3 Nh4+ 35. Kg5 Ng6 36. Re3+ Kd6 37.
Re8 Kc7 38. Kf6 a6 39. Bc4 Kxd7 40. Re1 Kc7 41. Bxf7 Rd2 42. Rh1 Rf2+ 43. Kg7 Ne5 44. Be6 Rg2+ 45. Kf6 Nc6 46. Rxh7+ Kb6 47. Bd5 Rf2+ 48.
Ke6 Na5 49. Kd6 Rd2 50. Ke5 Kc5 51. Rc7+ Kb6 52. Rc3 Rh2 53. Rc1 Ka7 54. Kd6 Rh6+ 55. Kc7 Rh7+ 56. Kd6 Rh6+ 57. Kc5 Nc6 58. Re1 Nb8 59.
Re7 Rb6 60. a4 Rb1 61. Be4 Rc1+ 62. Kb4 Nc6+ 63. Bxc6 Rxc6 64. Re5 Rh6 65. Re4 Rg6 66. Rf4 Kb6 67. Re4 Rg1 68. Re6+ Kc7 69. Ka5 Rg5+ 70. Kb4 Rh5 71. Rg6 Kb8 72. Rf6 Ka7 73. Rg6 Rh4+ 74. Kb3 a5 75. Rg5 Rb4+ 76. Ka3 Ka6 77. Rg6+ b6 78. Rg5 Rf4 79. Rg3 Kb7 80. Rh3 Rc4 81.
Rg3 Kc6 82. Rg6+ Kb7 83. Rg3 Rd4 84. Rh3 Kc6 85. Rc3+ Kd5 86. Rh3 Kc4 87. Rh6 Rd3+ 88. Ka2 Kc5 89. Rh5+ Kc4 90. Rh6 Kc5 91. Rh5+ Kc6 92.
Rh6+ Kb7 93. Rg6 Rc3 94. Rg4 Kc6 95. Rg6+ Kc5 96. Rg5+ Kc6 97. Rg6+ Kb7 98. Rg5 Rc4 99. Kb3 Rh4 100. Rg3 Rf4 101. Re3 Kc6 102. Rg3 Rf5 103.
Rh3 Kc5 104. Rc3+ Kd5 105. Rd3+ Ke5 106. Rd8 Rf3+ 107. Kb2 Rf4 108. Kb3 Rb4+ 109. Ka3 Ke4 110. Rd7 Ke3 111. Rd8 Rd4 112. Rb8 Rd6 113. Kb3 Kd4 114. Rc8 Rh6 115. Rd8+ Kc5 116. Rc8+ Kd6 117. Rd8+ Kc6 118. Rc8+ Kb7 119. Rc3 Rh4 120. Rg3 Rb4+ 121. Ka3 Rd4 122. Rf3 Kc6 123. Rg3 Kc5 124. Kb3 Rb4+ 125. Ka3 Rb1 126. Rg5+ Kc4 127. Rg4+ Kc3 1/2-1/2

[Event "Early-Titled-Tuesday-Blitz-October-17-2023"]
[Site "Chess.com"]
[Date "2023.10.17"]
[Round "8"]
[White "Ramosha"]
[Black "chessfatbear"]
[Result "0-1"]
[WhiteElo "2637"]
[BlackElo "2800"]
[TimeControl "180+1"]
[EndTime "9:26:25 PDT"]
[Termination "chessfatbear won by resignation"]

1. e4 c5 2. Nf3 Nc6 3. Bb5 g6 4.
O-O Bg7 5. Re1 Nf6 6. Bxc6 dxc6 7. d3 O-O 8. e5 Nd5 9. h3 b6 10. a4 h6 11. a5 Rb8 12. axb6 axb6 13. b3 Kh7 14. Nbd2 Nc3 15. Bb2 Nxd1 0-1

[Event "Early-Titled-Tuesday-Blitz-October-17-2023"]
[Site "Chess.com"]
[Date "2023.10.17"]
[Round "8"]
[White "Lennis93"]
[Black "bazar-wokzal"]
[Result "0-1"]
[WhiteElo "2698"]
[BlackElo "2595"]
[TimeControl "180+1"]
[EndTime "9:27:17 PDT"]
[Termination "bazar-wokzal won by resignation"]

1. c4 e5 2. g3 h5 3. Bg2 h4 4.
Nc3 Nf6 5. Nf3 h3 6. Bf1 e4 7. Ng5 c6 8. Ngxe4 Nxe4 9. Nxe4 d5 10. cxd5 cxd5 11. Nc3 d4 12. Ne4 f5 13. Qc2 fxe4 14. Qxe4+ Be7 15. Qg6+ Kf8 16. e3 Nc6 17. Bc4 Ne5 0-1

[Event "Early-Titled-Tuesday-Blitz-October-17-2023"]
[Site "Chess.com"]
[Date "2023.10.17"]
[Round "8"]
[White "dontcatchmeifyoucant"]
[Black "HouseOfDurin"]
[Result "0-1"]
[WhiteElo "2103"]
[BlackElo "2276"]
[TimeControl "180+1"]
[EndTime "9:27:39 PDT"]
[Termination "HouseOfDurin won by checkmate"]

1. e4 c5 2. Nf3 Nc6 3. Bb5 g6 4. O-O Bg7 5. c3 e5 6. d4 exd4 7. cxd4 Nxd4 8. Nxd4 cxd4 9. Bf4 Ne7 10. Nd2 O-O 11. Bd6 a6 12. Bc4 b5 13. Bd5 Nxd5 14.
Bxf8 Qxf8 15. exd5 Bb7 16. Nf3 Qc5 17. Rc1 Qxd5 18. Rc7 Bc6 19. Qd2 Be5 20. Nxe5 Qxg2# 0-1

[Event "Early-Titled-Tuesday-Blitz-October-17-2023"]
[Site "Chess.com"]
[Date "2023.10.17"]
[Round "8"]
[White "Firouzja2003"]
[Black "Jospem"]
[Result "1/2-1/2"]
[WhiteElo "3094"]
[BlackElo "3120"]
[TimeControl "180+1"]
[EndTime "9:27:42 PDT"]
[Termination "Game drawn by agreement"]

1. d4 Nf6 2. c4 e6 3. Nc3 Bb4 4.
e3 O-O 5. Bd3 d5 6. cxd5 exd5 7.
a3 Bd6 8. Nge2 Re8 9. Bd2 a5 10. Rc1 c6 11. f3 c5 12. dxc5 Bxc5 13. Nb5 Bb6 14. O-O Nc6 15. Nbd4 Ne5 16. Be1 Bd7 17. Bf2 1/2-1/2

[Event "Early-Titled-Tuesday-Blitz-October-17-2023"]
[Site "Chess.com"]
[Date "2023.10.17"]
[Round "8"]
[White "averageFM"]
[Black "GMSrinath"]
[Result "1-0"]
[WhiteElo "2580"]
[BlackElo "2826"]
[TimeControl "180+1"]
[EndTime "9:28:09 PDT"]
[Termination "averageFM won by resignation"]

1. e4 c5 2. Nf3 d6 3. d4 cxd4 4. Nxd4 Nf6 5. Nc3 Nc6 6. Bg5 e6 7. Qd2 a6 8. Nxc6 bxc6 9. O-O-O Be7 10. Bxf6 gxf6 11. Bc4 d5 12. exd5 cxd5 13. Nxd5 exd5 14. Bxd5 Be6 15. Bc6+ Kf8 16. Qh6+ Kg8 17. Rxd8+ Rxd8 18. Rd1 Rb8 19. Rd3 Bf5 20. Rg3+ Bg6 21. Bd5 1-0

[Event "Early-Titled-Tuesday-Blitz-October-17-2023"]
[Site "Chess.com"]
[Date "2023.10.17"]
[Round "8"]
[White "Cheer_Down"]
[Black "LeRoidesChampions"]
[Result "0-1"]
[WhiteElo "2532"]
[BlackElo "2703"]
[TimeControl "180+1"]
[EndTime "9:28:14 PDT"]
[Termination "LeRoidesChampions won by resignation"]

1. e4 c5 2. Nf3 e6 3. d4 cxd4 4. Nxd4 Nc6 5. Bf4 d6 6. Nxc6 bxc6 7. c4 e5 8. Be3 Nf6 9. Nc3 Rb8 10. Qc2 Ng4 11.
Bc1 Be7 12. h3 Nf6 13. Be3 O-O 14. Bxa7 Ra8 15. Be3 d5 16. exd5 cxd5 17. cxd5 Nxd5 18. Nxd5 Qxd5 19. Bd3 Qxg2 20. Bxh7+ Kh8 21. Be4 Bb4+ 22. Bd2 Bxd2+ 23. Kxd2 Qxf2+ 24. Kc3 Qd4+ 25. Kb3 Be6+ 0-1

[Event "Early-Titled-Tuesday-Blitz-October-17-2023"]
[Site "Chess.com"]
[Date "2023.10.17"]
[Round "8"]
[White "sterpfi"]
[Black "IsaqueGoncalvesSanto"]
[Result "1-0"]
[WhiteElo "2154"]
[BlackElo "1808"]
[TimeControl "180+1"]
[EndTime "9:28:34 PDT"]
[Termination "sterpfi won by resignation"]

1. e4 c5 2. Nf3 d6 3. Bb5+ Nd7 4. c3 a6 5. Ba4 Nf6 6. Qe2 b5 7. Bc2 Bb7 8. d4 cxd4 9. cxd4 e5 10. Nc3 Rc8 11.
O-O Be7 12. Rd1 O-O 13. dxe5 dxe5 14. Nxe5 Qb6 15. Rxd7 1-0

[Event "Early-Titled-Tuesday-Blitz-October-17-2023"]
[Site "Chess.com"]
[Date "2023.10.17"]
[Round "8"]
[White "BasilSmash"]
[Black "balachess2006"]
[Result "1-0"]
[WhiteElo "2552"]
[BlackElo "2600"]
[TimeControl "180+1"]
[EndTime "9:28:49 PDT"]
[Termination "BasilSmash won by resignation"]

1. e4 c5 2. Nf3 Nc6 3. d4 cxd4 4. Nxd4 Nf6 5. Nc3 d6 6. f3 e5 7. Nb3 Be6 8. Be3 d5 9. exd5 Nxd5 10. Nxd5 Qxd5 11.
Qxd5 Bxd5 12. O-O-O O-O-O 13. c4 Be6 14. Rxd8+ Kxd8 15. Nc5 Bxc5 16. Bxc5 Kc7 17. Be2 b6 18. Be3 Rd8 19. Rd1 Nd4 20. Bxd4 exd4 21. Bd3 a5 22. Kd2 Kc6 23. b3 Kc5 24. a3 Bd7 25. Re1 Re8 26. Rb1 h6 27. b4+ axb4 28. axb4+ Kd6 29. Ra1 Bc6 30.
Ra7 Re7 31. c5+ bxc5 32. bxc5+ Ke6 33. Bc4+ Kf6 34. Ra6 Rc7 35. Bb5 Ke5 36. Rxc6 Rb7 37. Rb6 Rc7 38. c6 Kd5 39. Rb7 1-0

[Event "Early-Titled-Tuesday-Blitz-October-17-2023"]
[Site "Chess.com"]
[Date "2023.10.17"]
[Round "8"]
[White "DTChess"]
[Black "Payyappat"]
[Result "1-0"]
[WhiteElo "2592"]
[BlackElo "2469"]
[TimeControl "180+1"]
[EndTime "9:29:08 PDT"]
[Termination "DTChess won by resignation"]

1. e4 c6 2. d4 d5 3. Nc3 dxe4 4. Nxe4 Nf6 5. Nxf6+ exf6 6. c3 Bd6 7. Bd3 O-O 8.
Qc2 Re8+ 9. Ne2 h5 10. h3 Nd7 11. O-O Nf8 12. Bd2 Bc7 13. Rae1 Ne6 14. f4 a5 15. Be3 Nc5 16. Bh7+ Kh8 17. Ng3 h4 18. Nh1 Ne6 19. Bd3 Nxf4 20. Bxf4 Rxe1 21. Rxe1 Bxf4 22. Qe2 Be6 23.
Qe4 Kg8 24. Qxf4 Bxa2 25. Qxh4 a4 26. Qh7+ 1-0

[Event "Early-Titled-Tuesday-Blitz-October-17-2023"]
[Site "Chess.com"]
[Date "2023.10.17"]
[Round "8"]
[White "Iball95"]
[Black "Tobias_Koelle"]
[Result "1-0"]
[WhiteElo "2840"]
[BlackElo "2943"]
[TimeControl "180+1"]
[EndTime "9:29:15 PDT"]
[Termination "Iball95 won by resignation"]

1. e4 c5 2. Nf3 d6 3. Nc3 g6 4. d4 cxd4 5. Qxd4 Nf6 6. e5 Nc6 7.
Bb5 dxe5 8. Qxd8+ Kxd8 9. Bxc6 bxc6 10. Nxe5 Ke8 11. Bd2 Nd7 12. Nc4 Nb6 13. Na5 Bd7 14. O-O-O Bg7 15. Rhe1 Nd5 16. Ne4 Kf8 17. Nc5 Be8 18.
c4 Nb6 19. b3 h5 20. Bg5 f6 21.
Ne6+ Kf7 22. Nxg7 fxg5 23. Nxe8 Rhxe8 24. Nxc6 Kf6 25. Rd3 g4 26. Rde3 Kg5 27. Re5+ Kh6 28. Nxe7 Rf8 29. R1e2 Rf6 30. Re6 Raf8 31. Rxf6 Rxf6 32.
Ng8+ 1-0

[Event "Early-Titled-Tuesday-Blitz-October-17-2023"]
[Site "Chess.com"]
[Date "2023.10.17"]
[Round "8"]
[White "noblerone"]
[Black "GeorgiosSouleidis"]
[Result "0-1"]
[WhiteElo "2509"]
[BlackElo "2621"]
[TimeControl "180+1"]
[EndTime "9:29:21 PDT"]
[Termination "GeorgiosSouleidis won by resignation"]

1. d4 Nf6 2. Nf3 g6 3. Bg5 Bg7 4. Nbd2 d5 5. e3 O-O 6. Be2 Nbd7 7. O-O Re8 8. c3 e5 9. dxe5 Nxe5 10. Nxe5 Rxe5 11. Nf3 Re8 12. h3 c5 13. Qc2 Be6 14. Rfd1 Qb6 15. Rab1 Ne4 16. Bf4 Rad8 17. Nd2 Nxd2 18. Qxd2 d4 19. cxd4 cxd4 20. a3 Bb3 21. Qc1 Bxd1 22. Bc7 Rc8 23. Bxb6 Rxc1 24. Rxc1 Bxe2 25.
exd4 axb6 0-1

[Event "Early-Titled-Tuesday-Blitz-October-17-2023"]
[Site "Chess.com"]
[Date "2023.10.17"]
[Round "8"]
[White "Akylbek2021"]
[Black "Mr_Lion22"]
[Result "0-1"]
[WhiteElo "2270"]
[BlackElo "2477"]
[TimeControl "180+1"]
[EndTime "9:29:23 PDT"]
[Termination "Mr_Lion22 won by resignation"]

1. Nf3 d5 2. b3 c6 3. Bb2 Bg4 4. e3 Nd7 5. h3 Bh5 6. d3 Ngf6 7. Nbd2 e6 8. Be2 Bd6 9. O-O O-O 10. e4 e5 11. a3 Bg6 12. Nh4 Re8 13.
Nxg6 hxg6 14. Re1 Nc5 15. Bf3 Qc7 16. Nf1 Rad8 17. Qe2 dxe4 18. dxe4 Ne6 19. g3 Nd4 20. Bxd4 exd4 21. Rad1 Bxa3 22. Qd3 Bb4 23. Re2 Nd7 24. Qc4 a5 25. Rxd4 Ne5 26. Bg2 Nxc4 0-1

[Event "Early-Titled-Tuesday-Blitz-October-17-2023"]
[Site "Chess.com"]
[Date "2023.10.17"]
[Round "8"]
[White "Rosh1610"]
[Black "GAusal"]
[Result "1-0"]
[WhiteElo "2441"]
[BlackElo "2278"]
[TimeControl "180+1"]
[EndTime "9:29:27 PDT"]
[Termination "Rosh1610 won on time"]

1. e4 d6 2. d4 g6 3. Nc3 Bg7 4. f4 Nf6 5. Nf3 O-O 6. e5 Ne8 7.
Bc4 Bg4 8. Be3 c6 9. O-O d5 10. Bd3 e6 11. h3 Bxf3 12. Qxf3 Nd7 13. Ne2 c5 14. c3 c4 15. Bc2 h5 16. g4 hxg4 17. hxg4 Qh4 18. Rf2 f5 19. g5 Kf7 20.
Rh2 Qg4+ 21. Qxg4 fxg4 22. Rg2 1-0

[Event "Early-Titled-Tuesday-Blitz-October-17-2023"]
[Site "Chess.com"]
[Date "2023.10.17"]
[Round "8"]
[White "destruyeabuelitas"]
[Black "arminmusovic"]
[Result "0-1"]
[WhiteElo "2355"]
[BlackElo "2493"]
[TimeControl "180+1"]
[EndTime "9:29:31 PDT"]
[Termination "arminmusovic won by resignation"]

1. e4 c6 2. d4 d5 3. exd5 cxd5 4.
Nf3 Nc6 5. Bd3 Bg4 6. c3 e6 7.
Bf4 Bd6 8. Bxd6 Qxd6 9. Nbd2 Nf6 10.
O-O O-O 11. Qb3 a6 12. Rae1 b5 13. Ne5 Bh5 14. f4 Rfc8 15. a3 Bg6 16. Bxg6 hxg6 17. Ndf3 Ne4 18. Ng5 Nxg5 19. fxg5 Nxe5 20. dxe5 Qb6+ 21.
Kh1 Rc4 22. Rf3 Re4 23. Ref1 Ra7 24. Qc2 Rxe5 25. Qd2 Rc7 26. h4 Rc4 27. g3 Rf5 28.
Rxf5 gxf5 29. Qe2 Re4 30. Qh5 g6 31. Qh6 Qe3 32. a4 Qxg3 0-1

[Event "Early-Titled-Tuesday-Blitz-October-17-2023"]
[Site "Chess.com"]
[Date "2023.10.17"]
[Round "8"]
[White "GM_Huschenbeth"]
[Black "zsoltkorpics"]
[Result "1-0"]
[WhiteElo "2559"]
[BlackElo "2347"]
[TimeControl "180+1"]
[EndTime "9:29:45 PDT"]
[Termination "GM_Huschenbeth won by checkmate"]

1. e4 c5 2. Nf3 e6 3. d4 cxd4 4. Nxd4 Nc6 5. Nc3 Qc7 6. Be3 a6 7. Bd3 Nf6 8. O-O Bb4 9. Nxc6 bxc6 10. f4 Bxc3 11. bxc3 d5 12. Bc5 Nd7 13. Bd4 O-O 14.
exd5 c5 15. Bxh7+ Kxh7 16. Qh5+ Kg8 17. Bxg7 Kxg7 18. Qg5+ Kh8 19. Rf3 Nf6 20. Qxf6+ Kg8 21. Rg3+ Kh7 22. Qg7# 1-0

[Event "Early-Titled-Tuesday-Blitz-October-17-2023"]
[Site "Chess.com"]
[Date "2023.10.17"]
[Round "8"]
[White "MdSharifHossain"]
[Black "eightbyeightchess"]
[Result "0-1"]
[WhiteElo "2212"]
[BlackElo "2433"]
[TimeControl "180+1"]
[EndTime "9:29:45 PDT"]
[Termination "eightbyeightchess won by resignation"]

1. e4 e6 2. d4 d5 3. Nc3 Nf6 4. e5 Nfd7 5. f4 c5 6. Be3 Nc6 7. Nf3 cxd4 8. Nxd4 Bc5 9. Nce2 a6 10. c3 Qb6 11. Qd2 f6 12. b4 Nxb4 13. Rb1 fxe5 14. fxe5 Nxe5 15. cxb4 Nc4 16. Qd3 Bxb4+ 17. Kf2 O-O+ 18.
Kg1 Nxe3 19. Qxe3 Bd2 20. Qd3 Qxb1 21. Nf4 0-1

[Event "Early-Titled-Tuesday-Blitz-October-17-2023"]
[Site "Chess.com"]
[Date "2023.10.17"]
[Round "8"]
[White "I_am_Javi"]
[Black "AsadliVugar"]
[Result "1-0"]
[WhiteElo "2768"]
[BlackElo "2879"]
[TimeControl "180+1"]
[EndTime "9:29:48 PDT"]
[Termination "I_am_Javi won by resignation"]

1. e4 g6 2. d4 d6 3. c3 Bg7 4. Bd3 e5 5. d5 Ne7 6. Ne2 O-O 7.
h4 c6 8. c4 h5 9. Nbc3 Na6 10.
Be3 f5 11. f3 Kh7 12. Qd2 fxe4 13. fxe4 Ng8 14. Ng1 Bg4 15. Be2 Bh6 16. Bxg4 Bxe3 17. Qxe3 hxg4 18. h5 g5 19. Nge2 Nh6 20. O-O-O Qe7 21.
Kb1 Nc5 22. Rhf1 a5 23. b3 Rxf1 24. Rxf1 Rf8 25. Rxf8 Qxf8 26. Qxg5 Qf1+ 27. Kc2 Qf7 28. a3 Nd7 29. b4 axb4 30. axb4 c5 31. Nb5 Nf8 32. Nxd6 Qf2 33. Kd2 cxb4 34. Ne8 1-0

[Event "Early-Titled-Tuesday-Blitz-October-17-2023"]
[Site "Chess.com"]
[Date "2023.10.17"]
[Round "8"]
[White "Yeremyan_ChessMate"]
[Black "Ural_bogatyr"]
[Result "1-0"]
[WhiteElo "2741"]
[BlackElo "2540"]
[TimeControl "180+1"]
[EndTime "9:29:56 PDT"]
[Termination "Yeremyan_ChessMate won by resignation"]

1. e4 e5 2. Nf3 Nc6 3. Nc3 Nf6 4. d4 exd4 5. Nxd4 Bb4 6. Nxc6 bxc6 7. Bd3 O-O 8. O-O d5 9. e5 Ng4 10. Bf4 Re8 11.
Re1 Bc5 12. Bg3 Qg5 13. Na4 Bb6 14. Nxb6 axb6 15. f4 Qe7 16. Qf3 Qb4 17. h3 Nh6 18. f5 Qxb2 19. Rab1 Qd4+ 20. Bf2 Qc3 21. f6 Bf5 22. Rb3 Qxe1+ 23. Bxe1 Bxd3 24. Rxd3 g6 25. Bd2 Nf5 26. g4 1-0

[Event "Early-Titled-Tuesday-Blitz-October-17-2023"]
[Site "Chess.com"]
[Date "2023.10.17"]
[Round "8"]
[White "Kildepiotr"]
[Black "Khromkin"]
[Result "1-0"]
[WhiteElo "2641"]
[BlackElo "2517"]
[TimeControl "180+1"]
[EndTime "9:29:57 PDT"]
[Termination "Kildepiotr won by checkmate"]

1. Nf3 c5 2. g3 Nc6 3. Bg2 g6 4. c3 Bg7 5. d4 cxd4 6. cxd4 d6 7. O-O Nh6 8. e4 Bg4 9. Be3 f5 10. Nc3 fxe4 11. Nxe4 Nf5 12. Neg5 Nfxd4 13. Bxd4 Nxd4 14. Nxd4 Bxd1 15. Nde6 Qa5 16. Nxg7+ Kd7 17. Bh3+ Kc6 18. Rc1+ Kb6 19. Rfxd1 Qxg5 20. Ne6 Qf6 21. Nc7 e6 22. Bxe6 Ka5 23. Rd5+ b5 24. Rxb5+ Ka4 25. Bb3# 1-0

[Event "Early-Titled-Tuesday-Blitz-October-17-2023"]
[Site "Chess.com"]
[Date "2023.10.17"]
[Round "8"]
[White "brm72"]
[Black "KNVB"]
[Result "1-0"]
[WhiteElo "2550"]
[BlackElo "2669"]
[TimeControl "180+1"]
[EndTime "9:30:04 PDT"]
[Termination "brm72 won by resignation"]

1. e4 e5 2. Nf3 Nc6 3. Bc4 Nf6 4. d4 exd4 5. e5 d5 6. Bb5 Ne4 7. Nxd4 Bc5 8. Be3 O-O 9. Nxc6 bxc6 10. Bxc5 Nxc5 11. Bxc6 Rb8 12. Qxd5 Qe7 13. O-O Rxb2 14. Nc3 Rxc2 15. Qd4 Ne6 16. Qd3 Rb2 17. Nd5 Qc5 18.
Rac1 Qd4 19. Qf5 Nd8 20. Ne7+ Kh8 21. Nxc8 Nxc6 22. Rxc6 Qd8 23. Nxa7 Qb8 24. Ra6 Qb7 25. Ra3 Qb4 26. Rh3 g6 27. Qf6+ Kg8 28. Nc6 1-0

[Event "Early-Titled-Tuesday-Blitz-October-17-2023"]
[Site "Chess.com"]
[Date "2023.10.17"]
[Round "8"]
[White "esrosenberg"]
[Black "The_Machine04"]
[Result "0-1"]
[WhiteElo "2427"]
[BlackElo "2701"]
[TimeControl "180+1"]
[EndTime "9:30:11 PDT"]
[Termination "The_Machine04 won by checkmate"]

1. d4 d6 2. e4 Nf6 3. Nc3 e5 4. dxe5 dxe5 5. Qxd8+ Kxd8 6. Bc4 Be6 7. Bxe6 fxe6 8. f3 Bd6 9. Be3 Ke7 10. O-O-O a6 11. Nge2 Nbd7 12. h4 b5 13. h5 h6 14. Bf2 Rhb8 15.
Bh4 Kf7 16. Kb1 a5 17. Nc1 a4 18. a3 b4 19. axb4 Bxb4 20. N1a2 Bd6 21. Ka1 Nb6 22.
Nb5 Nc4 23. Nxd6+ cxd6 24. Nc3 Rxb2 25. Rxd6 Rxc2 26. Rd3 Nxh5 27. Rb1 Nf4 28. Rd7+ Kg6 29. Nb5 Rxg2 30. Be7 a3 31. Rc7 Nd2 32. Nxa3 Nxb1 33.
Kxb1 Rb8+ 34. Kc1 Rb3 35. Bd6 Rxf3 36. Bxe5 Rf1# 0-1

[Event "Early-Titled-Tuesday-Blitz-October-17-2023"]
[Site "Chess.com"]
[Date "2023.10.17"]
[Round "8"]
[White "Krakozia"]
[Black "js20000"]
[Result "1-0"]
[WhiteElo "3024"]
[BlackElo "2887"]
[TimeControl "180+1"]
[EndTime "9:30:15 PDT"]
[Termination "Krakozia won by resignation"]

1. c4 c6 2. Nf3 d5 3. d4 Nf6 4. Qb3 a6 5. Nc3 dxc4 6. Qxc4 b5 7. Qd3 c5 8. dxc5 Qxd3 9. exd3 Nc6 10. Bg5 Bg4 11. Be2 e6 12. Rc1 O-O-O 13. Ne4 Be7 14. Nd6+ Bxd6 15. cxd6 Kb7 16. Rxc6 Kxc6 17. Ne5+ Kxd6 18.
Nxf7+ Ke7 19. Nxd8 Bxe2 20. Nc6+ Kd6 21. Kxe2 Kxc6 22. Rc1+ Kd7 23. Bxf6 gxf6 24. Ke3 Kd6 25. d4 Rg8 26. g3 Rb8 27. Rc5 e5 28. b4 Re8 29.
dxe5+ fxe5 30. Ke4 Rf8 31. f3 Re8 32. Rd5+ Kc6 33.
Rxe5 Rd8 34. Rc5+ Kb6 35. Rc2 Rd1 36. f4 Rb1 37. f5 Rxb4+ 38. Ke5 Rb1 39. f6 Rf1 40.
Re2 b4 41. Ke6 a5 42. f7 a4 43. Re4 b3 44. Rxa4 1-0